 Dungeon Crawl Stone Soup version 0.20-a0-830-g2c9a30d (console) character file.

51 nht the Ruffian (level 3, 0/28 HPs)
             Began as a Draconian Transmuter on Mar 6, 2017.
             Succumbed to a kobold's poison
             ... on level 4 of the Dungeon.
             The game lasted 00:02:12 (1030 turns).

nht the Ruffian (Draconian Transmuter)              Turns: 1030, Time: 00:02:13

Health: 0/28       AC:  6    Str: 17    XL:     3   Next: 57%
Magic:  6/6        EV: 12    Int: 14    God:
Gold:   100        SH:  0    Dex: 11    Spells: 5/6 levels left

rFire    . . .     SeeInvis .     - Unarmed
rCold    . . .     Gourm    .   (armour unavailable)
rNeg     . . .     Faith    .   (no shield)
rPois    .         Spirit   .   i - +1 hat
rElec    .         Reflect  .   (no cloak)
rCorr    .         Harm     .   (no gloves)
MR       .....                  (no boots)
Stlth    +.........             (no amulet)
Regen    0.1/turn               (no ring)
MPRegen  0.1/turn               (no ring)

@: mighty, lethally poisoned (0 -> -2)
A: unfitting armour, cold-blooded, AC +5
a: no special abilities


You were on level 4 of the Dungeon.
You were not hungry.

You visited 1 branch of the dungeon, and saw 4 of its levels.

You collected 100 gold pieces.

Inventory:

Missiles
 a - 43 arrows
Armour
 i - a +1 hat (worn)
Scrolls
 d - a scroll of magic mapping {unknown}
 e - 2 scrolls of identify {unknown}
 g - a scroll of noise {unknown}
 h - a scroll of amnesia {unknown}
 j - a scroll of teleportation {unknown}
Potions
 f - a potion of might
Books
 b - a book of Changes

   Spells                             Type                      Level
   a - Beastly Appendage              Transmutation                1
   b - Sticks to Snakes               Transmutation                2
   c - Spider Form                    Transmutation/Poison         3
   d - Ice Form                       Ice/Transmutation            4
   e - Blade Hands                    Transmutation                5
Comestibles
 c - a bread ration


   Skills:
 - Level 1.1 Fighting
 - Level 1.7 Dodging
 * Level 4.2 Unarmed Combat
 - Level 2.0 Spellcasting
 + Level 2.6 Transmutations


You had 5 spell levels left.
You knew the following spells:

 Your Spells              Type           Power        Failure   Level  Hunger
a - Beastly Appendage     Tmut           #.....       10%         1    ##.....


Dungeon Overview and Level Annotations

Branches:
Dungeon (4/15)
 Temple: D:4-7

Altars:
Makhleb
Qazlal


Innate Abilities, Weirdness & Mutations

Your plain brown scales are hard. (AC +5)
You cannot fit into any form of body armour.
You are cold-blooded and may be slowed by cold attacks.


Message History

The bat hits you but does no damage. The bat hits you.
* * * LOW HITPOINT WARNING * * *
You hit the bat.
You kill the bat!
* * * LOW HITPOINT WARNING * * *
You feel sick.
Found a stone staircase leading down.
* * * LOW HITPOINT WARNING * * *
You feel sick.
Unknown command.
* * * LOW HITPOINT WARNING * * *
You feel sick.
A kobold comes into view.
The kobold shouts!
The kobold throws a stone.
The stone barely misses you.
There is a stone staircase leading down here.
You see here a stone.
The kobold throws a stone.
The stone barely misses you.
You climb downwards.
You die... ..... .!... █+██

.....██..██
..........█
..........█
..........█
..........█
.......@..█
.$.......██
.........█
..........
..........█
.........██
..>..██..█


█████ █... There were no monsters in sight!

Vanquished Creatures
  2 adders (D:2)
  A worm (D:3)
  A leopard gecko (D:1)
  2 ball pythons (D:1)
  A bat (D:3)
  5 giant cockroaches (D:1)
  A goblin (D:2)
  3 hobgoblins
  5 kobolds
  A quokka (D:2)
  3 frilled lizards
  2 rats (D:1)
27 creatures vanquished.

Notes
Turn   | Place    | Note
-------+----------+-------------------------------------------
     0 | D:1      | nht the Draconian Transmuter began the quest for the Orb.
     0 | D:1      | Reached XP level 1. HP: 16/16 MP: 3/3
    88 | D:1      | Reached XP level 2. HP: 14/23 MP: 5/5
   613 | D:2      | Reached XP level 3. HP: 28/28 MP: 6/6
   652 | D:2      | Reached skill level 4 in Unarmed Combat
   660 | D:2      | Noticed a fire elemental
   661 | D:2      | Found a stormy altar of Qazlal.
   663 | D:2      | Noticed an earth elemental
   670 | D:2      | Noticed an air elemental
   902 | D:2      | Noticed a water elemental
   992 | D:3      | Found a burning altar of Makhleb.
  1026 | D:3      | HP: 1/28 [poisoned by a kobold]
  1030 | D:4      | Succumbed to a kobold's poison

Vault maps used:
D:1:      dpeg_arrival_simpleton_b
D:2:      nicolae_qazlal_style_of_elements, hex_large, kennysheep_another_room,
          grunt_decor_fettered
D:3:      kennysheep_slug_shrine, overflow_temple_1_default
D:4:      kiku_gazebo_pond_becter, doesnt_xom_only_xom, uniq_crazy_yiuf_cottage,
          uniq_robin

Skill      XL: |  1  2  3 |
---------------+----------+-----
Unarmed Combat | 4 |  4.2
Fighting       | |  1.1
Dodging        | |  1.7
Spellcasting   | |  2.0
Transmutations | |  2.6

Action                   || total
-------------------------++-------
Melee: Unarmed           ||   107
       Tailslap          ||     7
       Punch             ||     1
  Use: Potion            ||     1
Armor: Skin              ||    33
Dodge: Dodged            ||    71
